Map: [ESL] Hard Lead

Players

Classic

  • Race: Protoss Protoss
  • Spawn Location: 11:00

DRG - Winner!

  • Race: Zerg Zerg
  • Spawn Location: 5:00

Event: IEM Katowice 2024

VOD

Have the link to the VOD?

Description

Time

  • Played on: Dec. 6, 2023, 4:51 a.m.
  • Length: 16:27

All games in this series

Show
View Real Time Build Order
Export as new Build Order

Classic Protoss 

Build Orders: 1 Gate Expand, Oracle Opening, Carriers 

Get SALT Encoding   

  12  0:00  Probe  
  13  0:13  Pylon  
  13  0:17  Probe (Chrono Boost)  
  14  0:28  Probe (Chrono Boost)  
  15  0:32  Probe (Chrono Boost)  
  16  0:39  Gateway  
  16  0:44  Probe  
  17  0:50  Assimilator  
  17  0:56  Probe  
  18  1:08  Probe  
  19  1:20  Probe  
  20  1:27  Nexus  
  20  1:32  Probe  
  21  1:41  Cybernetics Core  
  21  1:44  Probe  
  22  1:50  Assimilator  
  22  1:54  Pylon  
  22  1:57  Probe  
  23  2:12  Probe  
  23  2:14  Adept (Chrono Boost)  
  26  2:23  Stargate  
  26  2:25  Probe  
  26  2:29  Warp Gate  
  27  2:37  Probe (Chrono Boost), Adept  
  27  2:39  Probe (Chrono Boost)  
  31  2:48  Probe (Chrono Boost)  
  31  2:49  Probe (Chrono Boost)  
  33  2:53  Probe (Chrono Boost)  
  33  2:54  Probe (Chrono Boost)  
  35  3:03  Probe  
  35  3:05  Probe  
  37  3:10  Void Ray (Chrono Boost)  
  41  3:16  Probe  
  41  3:17  Pylon, Probe  
  43  3:24  Adept  
  45  3:28  Gateway  
  45  3:29  Probe  
  46  3:35  Probe  
  46  3:39  Oracle (Chrono Boost)  
  47  3:44  Probe  
  47  3:48  Probe  
  48  3:53  Assimilator  
  48  3:55  Assimilator  
  48  3:56  Pylon  
  48  3:58  Probe  
  48  4:00  Twilight Council, Probe  
  50  4:09  Gateway  
  50  4:10  Gateway  
  50  4:23  Adept x2  
  53  4:34  Resonating Glaives (Chrono Boost), Assimilator  
  53  4:40  Nexus, Probe x2  
  53  4:41  Pylon  
  55  4:46  Adept x2  
  59  4:56  Pylon  
  59  4:57  Probe x2  
  61  5:03  Adept  
  61  5:04  Adept  
  65  5:09  Adept x2  
  69  5:15  Probe x2  
  69  5:16  Robotics Facility  
  71  5:25  Adept x2  
  75  5:30  Probe x2  
  77  5:45  Pylon x2  
  77  5:47  Forge  
  77  5:52  Adept x4  
  85  5:59  Probe  
  85  6:00  Probe  
  85  6:07  Immortal, Robotics Bay  
  85  6:09  Probe (Chrono Boost)  
  90  6:14  Probe (Chrono Boost)  
  90  6:15  Probe (Chrono Boost)  
  92  6:18  Protoss Ground Weapons Level 1  
  92  6:20  Blink  
  92  6:21  Probe (Chrono Boost)  
  92  6:28  Stalker, Probe x3 (Chrono Boost)  
  95  6:35  Probe  
  95  6:36  Probe x2  
  94  6:44  Stalker x2  
  94  6:46  Assimilator  
  96  6:48  Probe  
  96  6:50  Assimilator  
  96  6:51  Probe x2  
  96  6:53  Pylon  
  99  6:55  Disruptor (Chrono Boost)  
  99  7:00  Probe  
  104  7:05  Gateway  
  104  7:06  Gateway  
  104  7:07  Gateway  
  104  7:09  Gateway  
  104  7:10  Robotics Facility, Probe x2  
  104  7:12  Probe  
  107  7:23  Nexus  
  107  7:26  Disruptor (Chrono Boost)  
  107  7:27  Pylon  
  111  7:32  Pylon  
  111  7:34  Pylon  
  111  7:35  Probe  
  111  7:36  Probe x2  
  114  7:42  Pylon  
  114  7:43  Photon Cannon  
  114  7:46  Photon Cannon  
  114  7:52  Disruptor (Chrono Boost)  
  114  7:53  Sentry x2  
  114  7:54  Disruptor (Chrono Boost)  
  126  7:58  Sentry  
  126  7:59  Sentry, Stalker  
  132  8:10  Pylon  
  132  8:12  Stalker x3  
  138  8:14  Shield Battery  
  138  8:16  Protoss Ground Weapons Level 2 (Chrono Boost)  
  138  8:18  Shield Battery, Stalker x2  
  142  8:21  Pylon  
  142  8:33  Probe x3  
  145  8:37  Disruptor x2 (Chrono Boost)  
  149  8:48  Stalker x4  
  149  8:49  Stalker x2  
  149  8:55  Stalker x2  
  165  9:03  Warp Prism (Chrono Boost)  
  165  9:05  Observer (Chrono Boost)  
  165  9:06  Pylon  
  165  9:07  Assimilator  
  165  9:09  Gateway  
  168  9:11  Assimilator  
  168  9:16  Stalker x2  
  172  9:19  Stalker x2  
  172  9:21  Stalker  
  178  9:38  Stalker x3  
  178  9:39  Stalker x2  
  184  9:52  Disruptor  
  186  10:02  Disruptor  
  180  10:16  Stargate  
  180  10:18  Pylon  
  180  10:20  Pylon  
  180  10:25  Nexus  
  180  10:27  Pylon  
  180  10:28  Disruptor (Chrono Boost)  
  178  10:37  Zealot  
  178  10:38  Disruptor (Chrono Boost)  
  184  10:44  Adept x6  
  184  10:45  Adept x2  
  196  11:00  Colossus (Chrono Boost)  
  196  11:02  Fleet Beacon  
  182  11:06  Charge  
  182  11:08  Disruptor (Chrono Boost)  
  162  11:17  Zealot x8  
  172  11:21  Protoss Ground Weapons Level 3  
  172  11:22  Probe x2  
  172  11:23  Probe x2  
  176  11:34  Templar Archives, Probe  
  176  11:36  Disruptor (Chrono Boost), Pylon  
  176  11:37  Probe x4  
  185  11:40  Disruptor (Chrono Boost)  
  185  11:47  Probe  
  188  11:49  Probe  
  149  12:04  Probe x3  
  149  12:05  Disruptor (Chrono Boost)  
  145  12:11  Stalker x6  
  145  12:12  Stalker x2  
  151  12:18  Observer (Chrono Boost)  
  134  12:33  Carrier x2 (Chrono Boost)  
  134  12:36  Disruptor (Chrono Boost)  
  151  12:37  Observer (Chrono Boost)  
  151  12:39  Probe x4  
  151  12:41  Assimilator  
  151  12:43  Assimilator  
  155  12:50  Nexus  
  155  12:52  Disruptor  
  157  13:03  High Templar x2  
  157  13:04  Zealot x5  
  157  13:05  Disruptor  
  171  13:11  Zealot  
  173  13:14  Pylon  
  172  13:20  Probe x4  
  150  13:43  Disruptor  
  150  13:44  Disruptor  
  150  13:45  Carrier (Chrono Boost)  
  156  13:51  Pylon x2  
  156  13:52  Pylon  
  156  13:53  Carrier (Chrono Boost)  
  167  13:59  Pylon  
  162  14:19  Disruptor x2  
  162  14:22  Probe x3  
  170  14:34  Probe  
  171  14:39  Carrier  
  171  14:43  Carrier  
  169  15:02  Zealot x7  
  148  15:18  Observer  
  136  15:21  Stalker  
  123  15:47  High Templar x2, Zealot  
  123  15:48  Zealot  
  129  16:09  Zealot x4  
Show
View Real Time Build Order
Export as new Build Order

DRG Zerg - Winner!

Build Orders: Hatch First, Lurkers, Roach Hydra 

Get SALT Encoding   

  12  0:00  Drone  
  13  0:12  Overlord  
  13  0:17  Drone  
  14  0:30  Drone x2  
  14  0:34  Drone  
  17  0:52  Hatchery  
  17  0:54  Drone  
  17  0:58  Drone  
  18  1:06  Drone  
  18  1:09  Extractor  
  18  1:16  Spawning Pool  
  17  1:18  Drone  
  18  1:28  Drone  
  19  1:38  Drone  
  20  1:50  Drone  
  21  2:00  Overlord  
  21  2:03  Queen  
  21  2:04  Queen  
  21  2:06  Drone  
  26  2:12  Zergling x2  
  26  2:14  Metabolic Boost  
  28  2:15  Zergling x2  
  28  2:22  Drone  
  29  2:25  Zergling x2  
  30  2:32  Drone  
  30  2:36  Drone  
  32  2:40  Queen  
  34  2:46  Hatchery  
  33  2:51  Overlord  
  33  2:53  Drone  
  33  2:57  Drone  
  35  3:06  Overlord  
  35  3:08  Drone  
  35  3:09  Queen  
  38  3:14  Drone x2  
  38  3:16  Drone  
  41  3:20  Queen  
  41  3:24  Drone  
  41  3:26  Drone x2  
  46  3:28  Drone  
  46  3:32  Overlord  
  47  3:37  Spore Crawler  
  44  3:42  Drone x2  
  44  3:46  Queen  
  48  3:50  Zergling x8  
  48  3:52  Drone  
  48  3:55  Drone x2  
  55  3:57  Drone  
  56  4:03  Spore Crawler  
  56  4:04  Queen  
  56  4:08  Spore Crawler  
  56  4:09  Drone  
  57  4:13  Overlord  
  57  4:16  Overlord  
  57  4:18  Drone  
  57  4:22  Overlord  
  58  4:27  Overlord  
  58  4:29  Overlord  
  56  4:31  Drone x2  
  56  4:32  Drone  
  56  4:37  Drone x3  
  61  4:41  Drone x2  
  61  4:45  Drone x3  
  66  4:51  Roach Warren  
  66  4:52  Drone x2  
  67  4:58  Drone x4  
  71  5:02  Lair  
  71  5:04  Drone  
  71  5:07  Extractor  
  71  5:08  Zergling x2, Extractor  
  71  5:09  Zergling x4  
  72  5:14  Spine Crawler  
  72  5:16  Zergling x4, Spore Crawler  
  72  5:20  Zergling x6  
  75  5:24  Zergling x8  
  79  5:30  Zergling x8  
  79  5:34  Roach x3  
  89  5:39  Extractor  
  87  5:45  Overlord x2  
  87  5:48  Overlord  
  87  5:50  Drone  
  88  5:57  Overlord  
  88  6:03  Glial Reconstitution  
  88  6:04  Drone, Overlord x2  
  88  6:05  Drone x4  
  88  6:06  Drone  
  88  6:08  Extractor  
  88  6:09  Drone  
  94  6:14  Drone x3  
  94  6:18  Drone x3  
  100  6:27  Roach x4  
  108  6:35  Drone x2  
  108  6:39  Drone x3  
  113  6:45  Evolution Chamber  
  113  6:46  Infestation Pit  
  111  6:48  Drone  
  111  6:50  Drone x4  
  111  6:51  Extractor  
  115  6:56  Drone x3  
  115  6:59  Overlord  
  118  7:03  Roach, Hatchery  
  118  7:08  Overlord x2  
  119  7:11  Overlord  
  119  7:13  Zerg Missile Weapons Level 1  
  119  7:14  Overlord  
  119  7:16  Overlord  
  119  7:20  Roach  
  119  7:22  Drone  
  122  7:23  Hydralisk Den  
  122  7:25  Roach x3  
  129  7:30  Roach  
  129  7:31  Ravager  
  129  7:32  Ravager x3  
  129  7:35  Hive  
  133  7:39  Overseer  
  133  7:45  Extractor  
  133  7:48  Extractor  
  133  7:50  Drone x8  
  138  7:55  Drone, Grooved Spines  
  138  7:56  Drone x7  
  138  7:57  Lurker Den  
  145  8:04  Overlord  
  143  8:06  Roach x2  
  147  8:15  Hydralisk x6  
  147  8:18  Overlord  
  159  8:32  Overlord x2  
  159  8:33  Drone x2  
  159  8:34  Drone x3  
  162  8:38  Hydralisk x2  
  162  8:41  Hatchery  
  161  8:45  Overlord  
  161  8:48  Pneumatized Carapace  
  161  8:50  Viper x2  
  161  8:54  Drone x2  
  169  8:56  Seismic Spines  
  169  8:57  Spore Crawler x2, Muscular Augments  
  169  8:58  Overseer, Spore Crawler  
  169  8:59  Hydralisk  
  169  9:00  Hydralisk x2  
  172  9:06  Lurker  
  173  9:14  Lurker  
  173  9:15  Lurker  
  175  9:21  Zerg Missile Weapons Level 2  
  175  9:27  Hydralisk x2  
  179  9:33  Hydralisk x2  
  179  9:40  Hydralisk x3  
  179  9:45  Lurker x2  
  181  9:48  Zergling x8  
  174  9:57  Hydralisk x4  
  174  10:01  Lurker x2  
  174  10:02  Zergling x10  
  172  10:09  Roach x7  
  172  10:12  Overseer  
  185  10:17  Roach x5  
  195  10:23  Adrenal Glands  
  192  10:28  Hydralisk x3  
  192  10:33  Roach  
  192  10:34  Roach x5  
  194  10:36  Zergling x4  
  196  10:43  Zergling x2  
  196  10:44  Zergling x6  
  196  10:49  Lurker x3, Overlord x2  
  195  10:58  Roach x3  
  195  11:00  Zergling x4  
  196  11:07  Hydralisk  
  177  11:11  Hydralisk x6  
  177  11:16  Drone x3  
  177  11:17  Hydralisk x3  
  190  11:23  Lurker  
  190  11:24  Zergling x16  
  199  11:28  Overlord  
  199  11:34  Lurker x2, Spine Crawler  
  199  11:35  Spore Crawler  
  199  11:36  Zergling x2  
  199  11:37  Spore Crawler  
  199  11:42  Zergling x2  
  193  11:49  Zergling x8  
  193  11:53  Hydralisk x5, Extractor  
  191  11:54  Extractor  
  191  11:58  Hydralisk x5  
  192  12:01  Zergling x4  
  186  12:08  Hydralisk x5  
  186  12:13  Zergling x8  
  191  12:17  Hydralisk x6  
  188  12:26  Hydralisk x3  
  188  12:29  Drone x3  
  194  12:30  Zergling x8  
  194  12:31  Zergling x4  
  200  12:43  Lurker, Spine Crawler  
  187  13:00  Viper  
  188  13:05  Lurker x4  
  188  13:06  Lurker x3, Hydralisk  
  188  13:07  Zergling x4  
  188  13:12  Overlord  
  199  13:14  Evolution Chamber  
  199  13:18  Zergling x2  
  183  13:36  Hydralisk x6  
  183  13:39  Viper  
  195  13:41  Hydralisk x2  
  195  13:46  Zerg Missile Weapons Level 3, Zerg Ground Armor Level 1  
  179  14:12  Hydralisk x7  
  179  14:14  Hydralisk x6  
  179  14:15  Zergling x2  
  179  14:16  Zergling x2  
  199  14:27  Spire  
  198  14:33  Hatchery  
  198  14:36  Lurker x3  
  200  14:39  Overseer x2  
  200  14:40  Spore Crawler  
  200  14:41  Spore Crawler  
  200  14:42  Spore Crawler  
  200  14:43  Hydralisk  
  186  14:56  Hydralisk x6  
  174  15:00  Hydralisk x5  
  180  15:13  Hydralisk x8  
  167  15:16  Hydralisk x7  
  167  15:20  Zergling x8  
  169  15:23  Hydralisk x3  
  169  15:24  Zergling x4  
  169  15:25  Zergling x12  
  183  15:28  Lurker  
  176  15:39  Hydralisk x5  
  176  15:41  Zergling x2  
  180  15:47  Lurker x3  
  174  15:58  Zergling x12  
  174  16:00  Hydralisk x3  

Tags
 
Add a new tag
Caveats
  • Supply blocks, unpowered buildings, or Contaminate may cause inaccurate times.
  • Supply counts are checked every 10 seconds.